[Event "*** Titled Tuesday Blitz"]
[Site "Chess.com"]
[Date "2020.10.20"]
[Round "3"]
[White "Pertinhez76"]
[Black "AndrewDGreen"]
[Result "0-1"]
[WhiteElo "2136"]
[BlackElo "2385"]
[TimeControl "180+1"]
[EndTime "10:29:53 PDT"]
[Termination "AndrewDGreen won by checkmate"]

1. d4 Nf6 2. Bf4 g6 3. Nc3 d5 4. Qd2 Bg7 5. O-O-O O-O 6. Bh6 Ne4 7. Nxe4 dxe4 8. h4 c5 9. Bxg7 Kxg7 10. h5 Bf5 11. hxg6 Bxg6 12. f3 cxd4 13. Qxd4+ Qxd4 14. Rxd4 Nc6 15. Rd7 Rac8 16. c3 b5 17. Rh4 exf3 18.
gxf3 b4 19. c4 Bf5 20. Rb7 Rfd8 21. e4 Bg6 22. Nh3 Na5 23. Rxb4 Rd4 24. b3 Rcd8 25. Be2 Rd2 26. Nf4 Rxa2 27. Bd3 Nc6 28. Rb7 Ne5 29.
Bc2 Nxf3 30. Nxg6 hxg6 31. Rf4 Nd4 32. Rf2 Re8 33. Rd2 e5 34. b4 Rh8 35. Kb1 Ra3 36. Kb2 Re3 37. c5 Nxc2 38. Rxc2 Rxe4 39. c6 Rhh4 40.
b5 Rb4+ 41. Kc1 Rhc4 42. c7 Rxc2+ 43. Kxc2 Rc4+ 44. Kb3 Rc1 45. Kb4 e4 46. Rxa7 e3 47. b6 e2 48. c8=Q e1=Q+ 49. Kb5 Rxc8 50. Ka6 Qa1+ 51. Kb7 Qc3 52. Ka6 Qc4+ 53. Kb7 Qc6+ 54. Ka6 Rb8 55. Rb7 Qxb7+ 56. Ka5 Qxb6+ 57. Ka4 Qb4# 0-1

[Event "*** Titled Tuesday Blitz"]
[Site "Chess.com"]
[Date "2020.10.20"]
[Round "3"]
[White "sbouchet"]
[Black "tan275"]
[Result "1-0"]
[WhiteElo "2428"]
[BlackElo "2174"]
[TimeControl "180+1"]
[EndTime "10:29:54 PDT"]
[Termination "sbouchet won on time"]

1. e4 c6 2. Nc3 d5 3. Nf3 Nf6 4. e5 Ne4 5. d3 Nxc3 6. bxc3 c5 7. d4 Nc6 8. Bd3 e6 9. O-O Be7 10. Be3 cxd4 11. cxd4 Nb4 12. Be2 Bd7 13. c3 Nc6 14. Rb1 Na5 15. Nd2 Rc8 16. Qc2 O-O 17. Nb3 Ba4 18.
Qd3 Nc4 19. Bc1 b5 20. f4 b4 21. cxb4 Bxb4 22. f5 exf5 23. Qxf5 Qb6 24. Nc5 Rxc5 25. dxc5 Qxc5+ 26. Kh1 Bc3 27. Bf4 Ne3 28. Bxe3 Qxe3 29. Bf3 Qxe5 30. Qxe5 Bxe5 31. Bxd5 Bc2 32. Rb7 Bg6 33.
Rxa7 Rd8 34. Ra8 Rxa8 35. Bxa8 Kf8 36. Bd5 f6 37. g3 Ke7 38. Kg2 Kd6 39. Rd1 Kc5 40.
Bb3 Be8 41. Rd5+ Kb6 42. Rd8 Bc6+ 43. Kf1 Bc3 44. Rh8 Bb5+ 45. Kf2 h6 46. Rg8 Bd4+ 47. Kf3 f5 48. Kf4 Bd3 49. h4 Kc5 50. Be6 Bc2 51. Bxf5 Ba4 52. Be6 Bc6 53. Bb3 Bc3 54. Kf5 Bd7+ 55.
Kg6 Bc6 56. Rxg7 1-0

[Event "*** Titled Tuesday Blitz"]
[Site "Chess.com"]
[Date "2020.10.20"]
[Round "3"]
[White "shnitez"]
[Black "night_player"]
[Result "0-1"]
[WhiteElo "2456"]
[BlackElo "2281"]
[TimeControl "180+1"]
[EndTime "10:29:55 PDT"]
[Termination "night_player won by resignation"]

1. c4 f5 2. Nc3 d6 3. g3 Nf6 4.
Bg2 g6 5. d3 Bg7 6. e4 fxe4 7.
dxe4 c6 8. e5 dxe5 9. Qxd8+ Kxd8 10. Nf3 Kc7 11. Nxe5 Nh5 12. f4 Be6 13. b3 Nd7 14.
Bb2 Nxe5 15. fxe5 Rad8 16. Ne4 Rhf8 17. Rf1 Bh6 18. Rxf8 Rxf8 19. Bc1 Bxc1 20. Rxc1 Ng7 21. Ke2 Nf5 22. Rd1 Rd8 23. Rxd8 Kxd8 24. Ng5 Bg8 25. Bh3 Nd4+ 26. Kd3 c5 27. Bg2 b6 28. Bd5 e6 29. Bg2 Ke7 30. Ke3 h6 31. Ne4 g5 32.
Nf6 Bf7 33. Be4 Be8 34. h4 gxh4 35. gxh4 Bf7 36. Bd3 Kf8 37. Ng4 Kg7 38. Nf6 Bg6 39. Bxg6 Kxg6 40. Nd7 Kf5 41. Kd3 Nf3 42. Ke3 Nxe5 43.
Nb8 Ng6 44. h5 Nf4 45. Na6 Nxh5 46. Nc7 Nf6 47. Nb5 a6 48. Nd6+ Kg4 49. Nc8 h5 50.
Nxb6 Kg3 51. Nc8 h4 52. Nd6 h3 53. Ne4+ Kg2 54. Nxf6 h2 55. Nh5 h1=Q 56. Nf4+ Kg3 57. Ne2+ Kg4 58. Nc3 Qf3+ 59. Kd2 Qf2+ 60. Kd3 Qd4+ 61.
Kc2 e5 62. Na4 e4 63. Nc3 e3 64. Nb1 e2 0-1

[Event "*** Titled Tuesday Blitz"]
[Site "Chess.com"]
[Date "2020.10.20"]
[Round "3"]
[White "gumimis"]
[Black "grunbergmihai"]
[Result "0-1"]
[WhiteElo "2291"]
[BlackElo "2507"]
[TimeControl "180+1"]
[EndTime "10:29:56 PDT"]
[Termination "grunbergmihai won by resignation"]

1. e4 d6 2. d4 Nf6 3. Nc3 g6 4.
Bg5 Bg7 5. Qd2 h6 6. Bf4 g5 7.
Be3 Ng4 8. h4 Nxe3 9. Qxe3 e6 10.
hxg5 hxg5 11. Rxh8+ Bxh8 12. O-O-O Nc6 13. Nh3 g4 14.
Ng5 Qf6 15. Bb5 Bd7 16. Bxc6 Bxc6 17. d5 Bd7 18. dxe6 fxe6 19. Rh1 O-O-O 20. Nh7 Qd4 21. Qf4 Be5 22. Qf7 Qc5 23. Nd1 a5 24. Nf6 Qc4 25.
Nxd7 Rxd7 26. Qg8+ Rd8 27. Qxg4 Qxa2 28. Rh7 Kb8 29.
f4 Bxb2+ 30. Nxb2 Qa1+ 31. Kd2 Qxb2 32. Qxe6 Qd4+ 33. Kc1 Qg1+ 34. Kb2 Qxg2 35. Qe7 Rc8 36. f5 a4 37. f6 Qg8 38. Rg7 Qc4 39. f7 a3+ 40. Kc1 a2 41. Qf6 Rf8 42. Rg8 Rxg8 43. fxg8=Q+ Qxg8 44. Qa1 Qg1+ 45. Kb2 Qd4+ 46. Kxa2 Qxe4 47.
Qh8+ Ka7 48. Qc3 Qa4+ 49. Kb1 c5 50. Qd3 Qb4+ 51. Kc1 Qf4+ 52. Kb1 Kb6 53. Qb3+ Qb4 54. Qxb4+ cxb4 55. Kb2 Kc5 56. Kb3 d5 57. Kb2 Kc4 58.
Ka2 Kc3 59. Ka1 b3 60. cxb3 Kxb3 0-1

[Event "*** Titled Tuesday Blitz"]
[Site "Chess.com"]
[Date "2020.10.20"]
[Round "3"]
[White "pedromartinez91"]
[Black "SchieberSpieler"]
[Result "1-0"]
[WhiteElo "2481"]
[BlackElo "2431"]
[TimeControl "180+1"]
[EndTime "10:29:56 PDT"]
[Termination "pedromartinez91 won by resignation"]

1. b3 d5 2. Bb2 c5 3. Nf3 Nf6 4. e3 Nc6 5. Bb5 Bd7 6. O-O e6 7. d3 Be7 8. Bxc6 Bxc6 9. Ne5 Rc8 10. Nd2 O-O 11. Nxc6 Rxc6 12. Qe2 b5 13. a4 a6 14. e4 Qc7 15. Rfe1 c4 16. exd5 exd5 17. axb5 axb5 18. dxc4 Re6 19. Qd3 dxc4 20. bxc4 Rd6 21. Qe2 bxc4 22. Nxc4 Re6 23. Qf1 Rxe1 24. Rxe1 Rc8 25. Ne3 Bc5 26. Bxf6 Bxe3 27. Rxe3 gxf6 28. c3 Rd8 29. Qe2 Qd7 30. g3 Qd1+ 31. Qxd1 Rxd1+ 32. Kg2 Rc1 33. Kh3 Kg7 34. Rf3 Kg6 35. Kg4 f5+ 36. Kf4 Kf6 37. h4 h5 38. Rd3 Rc2 39. Ke3 Ke5 40.
f4+ Ke6 41. Kd4 Kd6 42. c4 f6 43. Ra3 Rd2+ 44. Kc3 Rg2 45. Kb4 Kc6 46. Ra6+ Kb7 47. Rxf6 Rxg3 48. Rxf5 Rg4 49. Rxh5 Rxf4 50. Kb5 Rf1 51.
Rh7+ Kc8 52. c5 Rf6 53. h5 Re6 54. h6 Rf6 55. Rh8+ Kb7 56. h7 Rh6 57. c6+ Ka7 58.
Rd8 1-0

[Event "*** Titled Tuesday Blitz"]
[Site "Chess.com"]
[Date "2020.10.20"]
[Round "3"]
[White "Carnivoras"]
[Black "vladislavkovalev"]
[Result "0-1"]
[WhiteElo "2633"]
[BlackElo "2850"]
[TimeControl "180+1"]
[EndTime "10:29:58 PDT"]
[Termination "vladislavkovalev won on time"]

1. d4 Nf6 2. Nf3 g6 3. Bf4 Bg7 4. e3 O-O 5. h3 b6 6. Be2 Bb7 7.
O-O d6 8. c3 Nbd7 9. Nbd2 a6 10. Qc2 c5 11. a4 Ra7 12. e4 cxd4 13. cxd4 Qa8 14. Bd3 Rc8 15. Qb1 e5 16. dxe5 dxe5 17. Nxe5 Nxe5 18. Bxe5 Nxe4 19. Bxe4 Bxe5 20. Ra3 Bxe4 21.
Nxe4 Re7 22. Re3 Bd4 23. Re2 Rce8 24. Rfe1 Kg7 25. Qd3 Bxb2 26. Rxb2 Rxe4 27. Rxe4 Qxe4 28. Qc3+ Kg8 29. Rxb6 Qxa4 30. Kh2 Qf4+ 31. Qg3 Qxg3+ 32.
Kxg3 Ra8 33. Rb4 a5 34. Ra4 Kf8 35. Kf4 Ke7 36. Ke5 Ra6 37. g3 h5 38. f4 Kd7 39.
f5 Kc6 40. Ra1 a4 41. Kf6 Kc5+ 42. Kxf7 gxf5 43. Rf1 a3 44. Rxf5+ Kd4 45. Rf1 a2 46. Ra1 Ke4 47. Ke7 Ke5 48. g4 Ra7+ 49. Kd8 h4 50.
Ke8 Kf4 51. Kf8 Ra3 52. Kf7 Rxh3 53. Rxa2 Kxg4 54. Kf6 Rf3+ 55. Kg6 h3 56. Ra4+ Kg3 0-1

[Event "*** Titled Tuesday Blitz"]
[Site "Chess.com"]
[Date "2020.10.20"]
[Round "3"]
[White "kleinebeer98"]
[Black "Slovak_fighter2000"]
[Result "1-0"]
[WhiteElo "2621"]
[BlackElo "2396"]
[TimeControl "180+1"]
[EndTime "10:29:58 PDT"]
[Termination "kleinebeer98 won by resignation"]

1. e4 e6 2. d4 d5 3. Nc3 dxe4 4.
Nxe4 Bd7 5. Nf3 Bc6 6. Ned2 Nd7 7. Nc4 Bxf3 8. Qxf3 c6 9. Bf4 Nb6 10. c3 Nxc4 11.
Bxc4 Nf6 12. O-O Be7 13. a4 O-O 14. a5 a6 15. Bg3 Nd5 16. Rfe1 Bd6 17. Bd3 Bxg3 18.
hxg3 Qf6 19. Qe2 Rfe8 20. f4 g6 21. Kh2 Kg7 22. Rh1 h5 23. Kg1 Rac8 24. Qf2 Qe7 25. Re1 Qc7 26. Re5 Nf6 27. Be2 Rh8 28. Bf3 Qd8 29.
Qe3 Nd7 30. Re4 Qxa5 31. Qd2 Rcd8 32. Kf2 Qb6 33. Rhe1 c5 34. Kg1 cxd4 35. Rxd4 Nf6 36. Qf2 Rxd4 37. cxd4 Rd8 38. Rd1 Qb4 39. Kh2 b6 40.
Rd3 Qd6 41. Ra3 a5 42. Rb3 h4 43. gxh4 Qxf4+ 44. Qg3 Qxd4 45. Rb5 Rh8 46. h5 Kf8 47. Qb8+ Kg7 48. Qg3 Rh6 49. Rg5 Kh7 50. b3 Nxh5 51.
Bxh5 Rxh5+ 52. Rxh5+ gxh5 53. Qf3 Qe5+ 54. Kh1 Qe1+ 55.
Kh2 Qh4+ 56. Kg1 Qd4+ 57. Kh1 Kg6 58. Qg3+ Qg4 59. Qd3+ Qf5 60. Qg3+ Kh7 61. Qe3 b5 62. Qa7 Qf1+ 63. Kh2 Qf4+ 64. g3 Qd2+ 65. Kh3 Qf2 66.
Qxf2 1-0

[Event "*** Titled Tuesday Blitz"]
[Site "Chess.com"]
[Date "2020.10.20"]
[Round "3"]
[White "CLG_Nemsko"]
[Black "jonaszmb"]
[Result "0-1"]
[WhiteElo "2221"]
[BlackElo "2413"]
[TimeControl "180+1"]
[EndTime "10:29:59 PDT"]
[Termination "jonaszmb won by checkmate"]

1. e4 c5 2. Nf3 Nc6 3. d4 cxd4 4. Nxd4 e5 5. Nb5 a6 6. N5a3 Nf6 7. Nc3 Bb4 8. Bd3 d5 9. exd5 Nxd5 10. Bd2 Nxc3 11.
Bxc3 Bxc3+ 12. bxc3 Qa5 13. Nb1 O-O 14. O-O Be6 15. c4 e4 16. Bxe4 Qe5 17. Nd2 Rad8 18.
Re1 Qc3 19. Bd3 Nb4 20. Ne4 Qe5 21. Qf3 Rxd3 22. cxd3 Nc2 23. Qd1 Nxe1 24. Qxe1 Rd8 25. Rd1 h6 26. f3 Qd4+ 27. Nf2 b5 28. Qe2 b4 29. Qc2 a5 30. Qa4 Qc5 31. g3 Bd7 32. Qc2 Bc6 33. Kg2 a4 34. Qb2 a3 35. Qc2 Qa5 36. Rb1 f5 37. Qd2 Qa8 38. Qf4 Rb8 39.
d4 b3 40. axb3 a2 41. Ra1 Rxb3 42. Qxf5 Bxf3+ 43. Kh3 Bg2+ 44. Kh4 Rb1 45. Rxb1 axb1=Q 46. Qxb1 Qd8+ 47. Kg4 Qxd4+ 48. Ne4 Bxe4 49. Qb8+ Kh7 50. Qf4 Qd7+ 51. Kh5 Qe8+ 52. Kg4 Qe6+ 53. Kh5 g6+ 54. Kh4 g5+ 55. Qxg5 hxg5+ 56. Kxg5 Qxc4 57. h4 Bg6 58. h5 Bxh5 59. Kxh5 Qd5+ 60. Kh4 Kg6 61. g4 Qg5+ 62. Kg3 Kf6 63. Kf3 Ke5 64. Kg3 Ke4 65. Kh3 Kf3 66.
Kh2 Qxg4 67. Kh1 Qg2# 0-1

[Event "*** Titled Tuesday Blitz"]
[Site "Chess.com"]
[Date "2020.10.20"]
[Round "3"]
[White "alejanchess73"]
[Black "mr65"]
[Result "1-0"]
[WhiteElo "2437"]
[BlackElo "2178"]
[TimeControl "180+1"]
[EndTime "10:30:01 PDT"]
[Termination "alejanchess73 won on time"]

1. e4 e5 2. Nf3 Nc6 3. Bb5 a6 4. Ba4 Nf6 5. Qe2 b5 6. Bb3 Be7 7. c3 O-O 8. O-O d6 9. h3 Na5 10. Bc2 c5 11. d4 Qc7 12. d5 Nc4 13. b3 Nb6 14. Nbd2 Bd7 15. Re1 c4 16. Bb2 a5 17.
Nf1 cxb3 18. axb3 a4 19. Rec1 axb3 20. Bxb3 Nc4 21. Bxc4 Qxc4 22. Qxc4 bxc4 23. N1d2 Rfb8 24. Rxa8 Rxa8 25. Ra1 Rb8 26. Bc1 g6 27. Kf1 Bd8 28.
Ke2 Bb6 29. Rb1 Ba7 30. Rxb8+ Bxb8 31. Ba3 Bc7 32. Ne1 Bb5 33. f3 Nh5 34. Nc2 Nf4+ 35.
Kf1 f5 36. Ne3 fxe4 37. fxe4 Ba5 38. Bxd6 Bxc3 39. Ndxc4 Nd3 40. Kg1 Bd4 41. Kh2 Nf4 42. Bxe5 Ne2 43. Bxd4 Nxd4 44. e5 Kf7 45. Nd6+ Ke7 46.
Nxb5 Nxb5 47. Kg3 Nd4 48. Kf4 Ne2+ 49. Kf3 Nc3 50. g4 Kd7 51. h4 Ke7 52. g5 Kd7 53. Kf4 Ke7 54. Kg4 Kd7 55. h5 Ke7 56. h6 Kd7 57. Kg3 Ne4+ 58. Kf4 Nc3 59. d6 Ke6 60. Ng4 Nd5+ 61. Ke4 Nc3+ 62. Kd4 Ne2+ 63. Kc5 Nf4 64. Kc6 Nh3 65. d7 Nxg5 66. d8=Q 1-0

[Event "*** Titled Tuesday Blitz"]
[Site "Chess.com"]
[Date "2020.10.20"]
[Round "3"]
[White "mr_gustavo"]
[Black "rududuyk"]
[Result "1-0"]
[WhiteElo "2423"]
[BlackElo "2163"]
[TimeControl "180+1"]
[EndTime "10:30:01 PDT"]
[Termination "mr_gustavo won by resignation"]

1. e4 e6 2. d4 d5 3. Nd2 Nf6 4. e5 Nfd7 5. Bd3 c5 6. c3 Nc6 7. Ne2 cxd4 8. cxd4 f6 9. exf6 Nxf6 10. Nf3 Bd6 11.
O-O Qc7 12. Bg5 O-O 13. Bh4 Bd7 14. Bg3 Be8 15. Bxd6 Qxd6 16. Ng3 Nh5 17. Ng5 Nxg3 18. Bxh7+ Kh8 19. hxg3 e5 20. dxe5 Nxe5 21. Bc2 Qh6 22. f4 Bh5 23. Qxd5 Ng4 24. Qe6 Rf6 25. Qd7 Rd6 26.
Qxg4 Bxg4 27. Nf7+ Kg8 28. Nxh6+ Rxh6 29. Rfe1 Kf7 30.
Bb3+ Kf6 31. Rac1 Rah8 32. Kf2 Rd8 33. Rc2 Rh2 34. Kg1 Rdh8 35. Rc7 Rh1+ 36. Kf2 Rxe1 37. Kxe1 Re8+ 38. Kf1 Be2+ 39. Kf2 Ba6 40. Rf7+ Kg6 41. f5+ Kh6 42. f6 Re2+ 43. Kf3 gxf6 44. Rxf6+ Kg5 45. Rxa6 Rxb2 46. Ra5+ Kf6 47. g4 a6 48. Rf5+ Kg6 49. Bf7+ Kg7 50. Bd5 b5 51. g5 Rb1 52. g4 b4 53. Ke4 a5 54. Ke5 Re1+ 55. Kd6 a4 56.
Rf7+ Kg6 57. Rb7 Kxg5 58. Rxb4 a3 59. Ra4 Re3 60. Bb3 Rd3+ 61. Kc5 1-0

[Event "*** Titled Tuesday Blitz"]
[Site "Chess.com"]
[Date "2020.10.20"]
[Round "3"]
[White "catzapto"]
[Black "Ajedrez_con_German"]
[Result "0-1"]
[WhiteElo "2154"]
[BlackElo "2457"]
[TimeControl "180+1"]
[EndTime "10:30:03 PDT"]
[Termination "Ajedrez_con_German won by checkmate"]

1. e4 e6 2. d4 d5 3. Nd2 c5 4. exd5 Qxd5 5. Ngf3 cxd4 6. Bc4 Qd7 7. Nb3 Nc6 8.
Nbxd4 Nxd4 9. Qxd4 Qxd4 10. Nxd4 a6 11. O-O Bd7 12. Be3 Ne7 13. Rad1 Rc8 14. Bb3 Nc6 15.
c3 Be7 16. f4 Na5 17. f5 Nxb3 18. axb3 e5 19. Nf3 f6 20. Nd2 Kf7 21. Nc4 Bb5 22.
Nb6 Bxf1 23. Nxc8 Be2 24. Rd2 Rxc8 25. Rxe2 Bc5 26. Kf2 Ke7 27. g4 Bxe3+ 28. Kxe3 Rd8 29. h4 Rd1 30. Rh2 Rg1 31. Kf3 Rf1+ 32. Ke3 Rf4 33. Rg2 a5 34. Ke2 b6 35. Ke3 Rf1 36. Rh2 h6 37. Rg2 Rf4 38. Ke2 Kd6 39. Ke3 Kc5 40. Rg3 b5 41. Rg2 a4 42. bxa4 bxa4 43. Rg3 Kc4 44.
Rg2 Kb3 45. g5 hxg5 46. hxg5 Rxf5 47. gxf6 gxf6 48. Ke4 Rf4+ 49. Kd5 a3 50. bxa3 Kxc3 51. a4 Rxa4 52. Ke6 Rf4 53. Rg6 e4 54. Rg8 e3 55.
Re8 Kd2 56. Kd5 e2 57. Rd8 e1=Q 58. Kc5+ Ke2 59. Re8+ Kf2 60. Rh8 Qe5+ 61. Kc6 Rc4+ 62. Kd7 Rc7+ 63. Kd8 Qe7# 0-1

[Event "*** Titled Tuesday Blitz"]
[Site "Chess.com"]
[Date "2020.10.20"]
[Round "3"]
[White "MashaFromRussia"]
[Black "Shahinyan_ChessMood"]
[Result "0-1"]
[WhiteElo "2411"]
[BlackElo "2726"]
[TimeControl "180+1"]
[EndTime "10:30:04 PDT"]
[Termination "Shahinyan_ChessMood won by resignation"]

1. d4 Nf6 2. c4 c5 3. d5 g6 4. Nc3 Bg7 5. Nf3 O-O 6. e4 d6 7.
Be2 a6 8. a4 e5 9. O-O Nbd7 10.
Ne1 h6 11. Nd3 Nh7 12. Be3 f5 13. exf5 gxf5 14. f4 e4 15. Nf2 Kh8 16. Kh1 Rg8 17. Rg1 Bxc3 18. bxc3 Ndf6 19. g4 fxg4 20. Nxg4 Nxg4 21.
Bxg4 Qf6 22. Bxc8 Raxc8 23. Qh5 Rxg1+ 24. Rxg1 Rg8 25. Rxg8+ Kxg8 26. f5 Ng5 27. h4 Nf7 28. Qg4+ Kf8 29. Qxe4 Qxc3 30. Qe6 Qe1+ 31. Kg2 Qe2+ 32.
Kg3 Qe1+ 33. Bf2 Qc3+ 34. Kg2 Qxc4 35. f6 Qxa4 36. Be3 Kg8 37. Bxh6 Qc2+ 38. Kf3 Qd1+ 39. Kf2 Qc2+ 40. Kf3 Qd1+ 41. Kf2 Qd4+ 42. Be3 Qxh4+ 43. Ke2 Qh5+ 44. Kd3 b5 45. Qc8+ Kh7 46. Qxa6 Qxd5+ 47. Ke2 b4 48. Qa7 b3 49. Qb8 c4 50. Qc8 Qd3+ 51. Kf2 Qc2+ 52. Kf1 Qb1+ 53. Kf2 Qb2+ 54. Kg3 Qxf6 55.
Qh3+ Kg7 56. Qd7 0-1

[Event "*** Titled Tuesday Blitz"]
[Site "Chess.com"]
[Date "2020.10.20"]
[Round "3"]
[White "Arfan48"]
[Black "FMJoseHerrera"]
[Result "1-0"]
[WhiteElo "2381"]
[BlackElo "2531"]
[TimeControl "180+1"]
[EndTime "10:30:05 PDT"]
[Termination "Arfan48 won on time"]

1. e4 c5 2. Nf3 e6 3. d4 cxd4 4. Nxd4 a6 5. c4 Qc7 6. Nc3 b6 7. Qd3 Bb7 8. Qg3 d6 9. Be2 Nf6 10.
f3 Nbd7 11. Be3 h5 12. O-O h4 13. Qf2 h3 14. g4 Be7 15. Rac1 Rc8 16. Nd5 exd5 17.
cxd5 Qb8 18. Nf5 g6 19. Nxe7 Kxe7 20. Bd4 Ne5 21. g5 Nfd7 22. f4 Rxc1 23. Rxc1 Rc8 24. Rf1 Nc4 25. f5 Rf8 26. Bxc4 Ne5 27. Bxe5 dxe5 28. Qxb6 gxf5 29. Rxf5 Qc8 30. b3 Re8 31. Rxe5+ Kf8 32. Rxe8+ Kxe8 33. Qf2 Qg4+ 34. Qg3 Qd1+ 35.
Kf2 Qd2+ 36. Kf3 Bc8 37. g6 Qd1+ 38. Kf4 fxg6 39. Qxg6+ Ke7 40. Qg5+ Kd6 41. Qd8+ Bd7 42. Qb8+ Ke7 43. Qe5+ Kd8 44. Qg5+ Kc7 45. Qg3 Qd2+ 46. Ke5 Qc3+ 47. Kf4 Qd2+ 48. Kf3+ Kd8 49. Qb8+ Ke7 50. Qe5+ Kd8 51. d6 Qd1+ 52. Kf4 Qd2+ 53. Kf3 Qd1+ 54.
Ke3 Qe1+ 55. Kd3 Qd1+ 56. Ke3 Qe1+ 57. Be2 Qg1+ 58. Kd2 Qxh2 59. Qxh2 1-0

[Event "*** Titled Tuesday Blitz"]
[Site "Chess.com"]
[Date "2020.10.20"]
[Round "3"]
[White "Sjakkerntobi"]
[Black "PawnEatingZombie"]
[Result "1/2-1/2"]
[WhiteElo "2410"]
[BlackElo "2166"]
[TimeControl "180+1"]
[EndTime "10:30:05 PDT"]
[Termination "Game drawn by stalemate"]

1. e4 c6 2. Nc3 d5 3. Nf3 dxe4 4. Nxe4 Nf6 5. Qe2 Qd5 6. Nxf6+ gxf6 7. g3 Na6 8. Bg2 Nb4 9. d3 Bg4 10. O-O Nxc2 11.
Qxc2 Bxf3 12. Bxf3 Qxf3 13. Re1 e6 14. Bf4 O-O-O 15.
Re3 Qd5 16. Qa4 Bc5 17. Ree1 h5 18. b4 Bb6 19. Rac1 h4 20. b5 h3 21. Qe4 f5 22. Qxd5 Rxd5 23. bxc6 bxc6 24. Rxc6+ Kb7 25.
Rc3 Rhd8 26. Rd1 e5 27. Be3 e4 28. d4 Bxd4 29. Rb3+ Ka8 30. Rf1 Bc5 31. Rb5 Bxe3 32. Rxd5 Rxd5 33. fxe3 Kb7 34. Rb1+ Kc6 35. Rb2 Kd6 36.
Kf2 Ke5 37. Ke2 a5 38. Rc2 Rb5 39. Rd2 a4 40. Rc2 a3 41. Kd2 Rb1 42. Kc3 Rg1 43.
Rd2 Rg2 44. Kc2 f6 45. Kd1 Rg1+ 46. Kc2 Rg2 47. Kc3 Rxd2 48. Kxd2 Kd5 49. Kc3 Kc5 50.
Kb3 f4 51. gxf4 f5 52. Kc3 Kb5 53. Kb3 Kc5 54. Kxa3 Kc4 55. Kb2 Kd3 56. a3 Kxe3 57.
a4 Kf2 58. a5 e3 59. a6 e2 60. a7 e1=Q 61. a8=Q Qe2+ 62. Kc3 Qf3+ 63. Qxf3+ Kxf3 64. Kd2 Kxf4 65. Ke2 Ke4 66. Kf2 f4 67. Ke2 f3+ 68.
Kf2 Kf4 69. Kf1 Ke3 70. Ke1 f2+ 71. Kf1 Kf3 1/2-1/2

[Event "*** Titled Tuesday Blitz"]
[Site "Chess.com"]
[Date "2020.10.20"]
[Round "3"]
[White "ViditYT"]
[Black "VMikhalevski"]
[Result "1-0"]
[WhiteElo "2930"]
[BlackElo "2699"]
[TimeControl "180+1"]
[EndTime "10:30:07 PDT"]
[Termination "ViditYT won on time"]

1. d4 Nf6 2. c4 g6 3. Nc3 d5 4. cxd5 Nxd5 5. e4 Nxc3 6. bxc3 Bg7 7. Be3 c5 8. Nf3 Qa5 9. Qd2 O-O 10. Rc1 Rd8 11.
h4 cxd4 12. cxd4 Qxd2+ 13. Bxd2 Bg4 14. d5 Nd7 15. Nh2 Bh5 16. g4 Nf6 17. f3 e6 18.
dxe6 fxe6 19. Bc4 Kf7 20. gxh5 Nxh5 21. Ng4 Rac8 22. Bb3 Bd4 23. Rh2 b5 24. Rxc8 Rxc8 25. Bg5 a5 26. Nh6+ Kg7 27. Bxe6 Rc6 28. Bd5 Rc3 29.
Rd2 Bc5 30. Bb3 Rxf3 31. Rd7+ Kf8 32. Rxh7 Ng3 33. Rf7+ Rxf7 34. Nxf7 Nxe4 35. Bh6+ Ke7 36.
Ne5 Bb4+ 37. Ke2 Kf6 38. Ng4+ Kf5 39. Ne3+ Ke5 40. Bg7+ Kf4 41. Nd5+ Kg4 42. Nxb4 axb4 43. Ke3 Ng3 44. Bf8 Kxh4 45. Bxb4 g5 46. Kf3 g4+ 47. Kg2 Nf5 48. Be1+ Kg5 49. Bd2+ Kh4 50. Bd1 g3 51. Be2 b4 52. Bd3 Nd4 53. Bxb4 Ne6 54. Bd6 Kg4 55. Be2+ Kh4 56. Bxg3+ 1-0

[Event "*** Titled Tuesday Blitz"]
[Site "Chess.com"]
[Date "2020.10.20"]
[Round "3"]
[White "Lion-Al-Messi"]
[Black "K_A_S_T_O_R"]
[Result "1-0"]
[WhiteElo "2577"]
[BlackElo "2820"]
[TimeControl "180+1"]
[EndTime "10:30:07 PDT"]
[Termination "Lion-Al-Messi won by checkmate"]

1. d4 Nf6 2. Nf3 e6 3. Nc3 d5 4. Bg5 Bb4 5. e3 Nbd7 6. Bd3 c5 7. O-O Bxc3 8. bxc3 c4 9. Be2 Qa5 10. Ne5 Ne4 11. Bf4 Nxc3 12. Qe1 Nxe2+ 13. Qxe2 Nf6 14. Ng4 Nd7 15. Rfb1 O-O 16. Qf3 Qd8 17. Qg3 Kh8 18. Bd6 Rg8 19. Ne5 Qe8 20. h4 f6 21. Nxd7 Qxd7 22.
h5 h6 23. Qf4 b6 24. a4 Ba6 25. a5 b5 26. Bb4 Rgd8 27. g4 Rac8 28. Qg3 Re8 29.
f4 Qf7 30. c3 Bb7 31. Rf1 a6 32. Kf2 Qc7 33. Ke2 Rcd8 34. Kd2 Qf7 35. Rh1 e5 36. f5 exd4 37. exd4 Re4 38. Rhe1 Rde8 39. Rxe4 dxe4 40. Ke3 Qd7 41. Rf1 Rd8 42. Qf4 Qc6 43.
Qg3 Bc8 44. Qf4 Re8 45. Qd6 Qb7 46. Qb6 Qf7 47. Qd6 Bb7 48. Qf4 Rd8 49. Rd1 Qd5 50. Rd2 Kg8 51. Rd1 Kf7 52. Rd2 Ke8 53. Qc7 Qd7 54. Qc5 Kf7 55. Qb6 Rc8 56. Qd6 Qe8 57. d5 Kg8 58. Qe6+ Kh7 59. d6 Qd8 60. d7 Ra8 61.
Be7 Qxa5 62. d8=Q Qxc3+ 63. Ke2 Rxd8 64. Rxd8 Qc2+ 65. Ke1 Qc3+ 66. Ke2 Qf3+ 67. Ke1 e3 68. Qg8# 1-0

[Event "*** Titled Tuesday Blitz"]
[Site "Chess.com"]
[Date "2020.10.20"]
[Round "3"]
[White "PLAYER_2006_M"]
[Black "abhidabhi"]
[Result "0-1"]
[WhiteElo "2521"]
[BlackElo "2804"]
[TimeControl "180+1"]
[EndTime "10:30:07 PDT"]
[Termination "abhidabhi won on time"]

1. d4 Nf6 2. Nc3 d5 3. Bf4 g6 4. Nf3 Bg7 5. Qd2 O-O 6. Bh6 c5 7. Bxg7 Kxg7 8. e3 cxd4 9. exd4 Bf5 10. Ne5 Nc6 11. Bb5 Rc8 12. Bxc6 bxc6 13. Na4 Ne4 14. Qd1 c5 15. f3 Qa5+ 16. c3 cxd4 17. fxe4 dxe4 18. Qxd4 Rfd8 19. Nc6+ Rxd4 20. Nxa5 Rxa4 21. Nb3 e5 22. Kf2 Be6 23. Rhd1 Rc6 24. Nd2 f5 25. b3 Ra3 26. c4 Rca6 27. Ke3 Rxa2 28. Rxa2 Rxa2 29.
Rc1 f4+ 30. Kxe4 Rxd2 31. Kxe5 Bf5 32. Kxf4 Rxg2 33. c5 Rxh2 34. c6 Rh4+ 35. Ke5 Rb4 36. Kd6 Rxb3 37. c7 h5 38. Rc5 Bc8 39. Ke7 Rd3 40.
Ke8 Rd7 41. Rc3 Kh6 42. Rc5 h4 43. Rc3 g5 44. Rc6+ Kh5 45. Rc4 h3 46. Rc3 Kh4 47.
Rc4+ g4 48. Rc2 g3 49. Rc4+ Kg5 50. Rc5+ Kf4 51. Rc4+ Ke3 52. Rc3+ Kf4 53. Rc4+ Ke5 54. Rc5+ Kd6 55. Rg5 g2 56. Rg6+ Kxc7 57. Rh6 g1=Q 0-1

[Event "*** Titled Tuesday Blitz"]
[Site "Chess.com"]
[Date "2020.10.20"]
[Round "3"]
[White "ChessArchitect64"]
[Black "Kaua18"]
[Result "1-0"]
[WhiteElo "2048"]
[BlackElo "2303"]
[TimeControl "180+1"]
[EndTime "10:30:07 PDT"]
[Termination "ChessArchitect64 won on time"]

1. e4 c5 2. Nf3 Nc6 3. Bb5 g6 4. Bxc6 dxc6 5. O-O Bg7 6. c3 Nf6 7. Re1 O-O 8. h3 Nd7 9. d4 cxd4 10. cxd4 e5 11. Be3 Re8 12. Nc3 exd4 13. Bxd4 Bf8 14. Qc2 Nb6 15. Rad1 Be6 16. Bc5 Qc7 17. Bxf8 Rxf8 18.
b3 Rfe8 19. Nb5 Qf4 20. Nd6 Red8 21. Nxb7 Rxd1 22. Rxd1 Bxh3 23. gxh3 Qxf3 24. Qd3 Qf4 25. Kg2 Re8 26. f3 Re5 27. Qd8+ Kg7 28. h4 Rh5 29. Rh1 g5 30. hxg5 Rxg5+ 31. Kf2 Qg3+ 32. Ke3 Rg6 33. Qh4 Qxh4 34. Rxh4 Rg1 35. Na5 Re1+ 36.
Kf2 Ra1 37. Rg4+ Kf6 38. a4 Ra2+ 39. Kg3 c5 40. Nc6 h5 41. Rf4+ Kg6 42. Nxa7 Ra3 43.
Nc6 Rxb3 44. a5 Nc4 45. e5 Nd2 46. Ra4 Rxf3+ 47. Kg2 Rb3 48. a6 Nc4 49. Rxc4 Ra3 50. a7 Kf5 51. Rxc5 Ke6 52. Ra5 1-0

[Event "*** Titled Tuesday Blitz"]
[Site "Chess.com"]
[Date "2020.10.20"]
[Round "3"]
[White "Oglob71"]
[Black "Ze-Pequeno"]
[Result "0-1"]
[WhiteElo "2444"]
[BlackElo "2220"]
[TimeControl "180+1"]
[EndTime "10:30:08 PDT"]
[Termination "Ze-Pequeno won by resignation"]

1. d4 Nf6 2. Nf3 d5 3. c4 e6 4. Qc2 Be7 5. Bg5 O-O 6. e3 h6 7.
Bh4 b6 8. Nc3 Bb7 9. Bxf6 Bxf6 10. cxd5 exd5 11. Rd1 Nd7 12. Bd3 Re8 13. O-O c6 14.
Rfe1 Rc8 15. e4 dxe4 16. Nxe4 Be7 17. Ne5 Nxe5 18. dxe5 Qc7 19. Qc3 Rcd8 20. Bc4 c5 21.
Qf3 Rf8 22. Qf5 Bxe4 23. Qxe4 Rxd1 24. Rxd1 Rd8 25. Rd5 g6 26. Rd6 Rxd6 27. exd6 Qxd6 28. g3 a5 29. h4 h5 30. b3 Kg7 31. a4 Qf6 32. Qb7 Bd6 33. Qxb6 Qd4 34. Kg2 Qe4+ 35. Kf1 Qh1+ 36. Ke2 Qe4+ 37. Kd2 Qd4+ 38. Ke1 Qe4+ 39. Be2 Qh1+ 40. Kd2 Qd5+ 41. Bd3 Qd4 42. Ke2 Qe5+ 43. Kf1 Qd5 44. Qb5 Be5 45. Ke2 Bc3 46.
Qe8 Qe5+ 47. Qxe5+ Bxe5 48. Kf3 Bc3 49. Ke4 Bb4 50.
Kd5 Kf6 51. Ke4 Bc3 52. f3 Be1 53. Kf4 Bd2+ 54. Ke4 Be1 55. Kd5 Bb4 56. g4 Be1 57. gxh5 gxh5 58. Kxc5 Bxh4 59. b4 axb4 60. Kxb4 Be1+ 61.
Kc4 Ke5 62. Kb5 Kf4 63. Bc4 f5 64. a5 h4 65. a6 Bf2 66. Bf1 Kg3 67. Kc4 h3 68.
Bxh3 Kxh3 69. Kd5 Kg3 70. Ke5 f4 71. Ke4 Ba7 72. Kd3 Kxf3 73. Kd2 Kg2 74. Kd3 f3 75. Kc4 f2 76. Kd5 f1=Q 77. Kc6 Qxa6+ 0-1